 Dungeon Crawl Stone Soup version 0.23-a0-338-g8ff0b24 (webtiles) character file.

22571 Mgcat the Dealer of Despair (level 12, 0/86 HPs)
             Began as a Vampire Necromancer on Oct 18, 2018.
             Was an Elder of Kikubaaqudgha.
             Killed from afar by a rime drake (23 damage)
             ... with a flash freeze
             ... on level 3 of the Lair of Beasts.
             The game lasted 01:01:49 (24206 turns).

Mgcat the Dealer of Despair (Vampire Necromancer)  Turns: 24206, Time: 01:01:49

Health: 0/86       AC: 11    Str: 11    XL:     12   Next: 64%
Magic:  3/27       EV: 15    Int: 21    God:    Kikubaaqudgha [****..]
Gold:   670        SH:  0    Dex: 16    Spells: 7/34 levels left

rFire    . . .     SeeInvis +   u - +0 dagger (venom)
rCold    + + .     Gourm    .   (no shield)
rNeg     + + +     Faith    .   b - +2 robe {Archmagi}
rPois    ∞         Spirit   .   (no helmet)
rElec    .         Reflect  .   F - +0 cloak
rCorr    .         Harm     .   r - +2 pair of gloves
MR       +....                  t - +2 pair of boots
Stlth    +++++++...             (no amulet)
HPRegen  0.00/turn              l - +4 ring of strength
MPRegen  0.20/turn              v - ring of stealth {Stlth+}

@: bloodless, non-regenerating
A: fangs 3, see invisible, sense surroundings 1, unbreathing, sturdy frame 1
a: Bat Form, Receive Corpses, Renounce Religion


You were on level 3 of the Lair of Beasts.
You worshipped Kikubaaqudgha.
Kikubaaqudgha was greatly pleased with you.
You were bloodless.

You visited 3 branches of the dungeon, and saw 15 of its levels.
You also visited: Labyrinth and Sewer.

You collected 670 gold pieces.

Inventory:

Hand Weapons
 u - a +0 dagger of venom (weapon)
   (You took it off a kobold on level 3 of the Dungeon)
 z - the cursed +0 rapier of the Iron City of Dis {freeze, Int+4}
   (You found it on level 8 of the Dungeon)

   It has been specially enchanted to freeze those struck by it, causing extra
   injury to most foes and up to half again as much damage against particularly
   susceptible opponents.
   It can also slow down cold-blooded creatures.
   It affects your intelligence (+4).
   It has a curse placed upon it.
Missiles
 A - a throwing net {=f, !d}
Armour
 b - a +2 robe of the Archmagi (worn)
   (You found it on level 4 of the Dungeon)
 r - a +2 pair of gloves (worn)
   (You found it on level 8 of the Dungeon)
 t - a +2 pair of boots (worn)
   (You found it on level 3 of the Dungeon)
 F - a +0 cloak (worn)
   (You took it off Maurice on level 10 of the Dungeon)
Magical Staves
 N - an uncursed staff of poison {rPois}
   (You found it in a labyrinth)
Jewellery
 h - an uncursed amulet of harm
   (You found it on level 1 of the Dungeon)
 l - a +4 ring of strength (left hand)
   (You found it on level 2 of the Dungeon)
 v - a ring of stealth (right hand) {Stlth+}
   (You took it off a kobold on level 3 of the Dungeon)
Wands
 a - a wand of clouds (10)
   (You found it on level 1 of the Lair of Beasts)
 g - a wand of polymorph (47)
   (You found it on level 6 of the Dungeon)
 q - a wand of iceblast (5)
   (You found it on level 8 of the Dungeon)
 y - a wand of random effects (20)
   (You found it on level 8 of the Dungeon)
 H - a wand of scattershot (8)
   (You found it on level 1 of the Lair of Beasts)
 I - a wand of acid (32)
   (You found it on level 1 of the Lair of Beasts)
 M - a wand of digging (8)
   (You found it on level 2 of the Lair of Beasts)
 P - a wand of disintegration (5)
   (You found it on level 3 of the Lair of Beasts)
Scrolls
 d - 4 scrolls of identify
 j - 2 scrolls of teleportation
 k - a scroll of brand weapon {unknown}
 s - 4 scrolls of immolation {!r}
 C - a scroll of enchant weapon {unknown}
 D - a scroll of fear
 E - 6 scrolls of remove curse
 G - a scroll of vulnerability {unknown}
 J - a scroll of summoning {unknown}
 L - a scroll of amnesia {unknown}
Potions
 c - 2 potions of blood {@q1}
 e - 2 potions of curing {unknown}
 f - 4 potions of flight
 i - a potion of haste {unknown}
 m - a potion of magic
 n - 2 potions of brilliance
 o - a potion of resistance {unknown}
 p - 4 potions of might
 w - a potion of heal wounds
 x - a potion of berserk rage {unknown}
 B - a potion of agility
 K - a potion of cancellation {unknown}
Miscellaneous
 O - a phantom mirror


   Skills:
 - Level 5.0 Fighting
 - Level 5.0 Short Blades
 - Level 5.0 Dodging
 - Level 10.0 Stealth
 + Level 11.7 Spellcasting
 - Level 0.9 Charms
 + Level 14.0 Necromancy
 - Level 5.0 Ice Magic


You had 7 spell levels left.
You knew the following spells:

 Your Spells              Type           Power        Failure   Level  Hunger
a - Pain                  Necr           ####         1%          1    None
b - Vampiric Draining     Necr           #######...   1%          3    None
c - Regeneration          Chrm/Necr      ######....   1%          3    None
d - Animate Dead          Necr           N/A          1%          4    #......
e - Agony                 Necr           #######.     1%          5    ####...
f - Dispel Undead         Necr           #######.     1%          5    ####...
g - Simulacrum            Ice/Necr       ######....   17%         6    ######.

Your spell library contained the following spells:

 Spells                   Type           Power        Failure   Level  Hunger
 Animate Skeleton         Necr           N/A          1%          1    None
 Sublimation of Blood     Necr           #######...   1%          2    None
 Flame Tongue             Conj/Fire      ###..        5%          1    None
 Excruciating Wounds      Chrm/Necr      ######....   7%          5    ####...
 Throw Flame              Conj/Fire      ###...       9%          2    None
 Bolt of Draining         Conj/Necr      ######....   9%          5    ####...
 Conjure Flame            Conj/Fire      ###.....     16%         3    None
 Inner Flame              Hex/Fire       ###.....     16%         3    None
 Leda's Liquefaction      Hex/Erth       ###.......   47%         4    #......
 Sticky Flame             Conj/Fire      ###.....     47%         4    #......
 Bolt of Magma            Conj/Fire/Erth ###.......   83%         5    ####...
 Fireball                 Conj/Fire      ###.......   83%         5    ####...
 Iron Shot                Conj/Erth      ###.......   100%        6    ######.
 Statue Form              Tmut/Erth      ###......    100%        6    ######.
 Shatter                  Erth           ###.......   100%        9    #######


Dungeon Overview and Level Annotations

Branches:
Dungeon (10/15)            Temple (1/1) D:6            Lair (4/6) D:8
  Swamp (0/4) Lair:2
  Snake: Lair:2-4    Spider: Lair:2-4       Orc: D:9-12

Altars:
Dithmenos
Fedhas
Gozag
Kikubaaqudgha
Makhleb
Nemelex Xobeh
Okawaru
Vehumet

Shops:
D:5 %   D:9 (

Annotations:
D:10 2 transporters, galech's ghost, novice DsFi
Lair:1 3 runed doors, Garbasso's ghost, novice TrAM
Lair:2 1 runed door, 1 exclusion, beholder's ghost, journeyman TeAE


Innate Abilities, Weirdness & Mutations

You do not heal naturally.
You are immune to poison.
You have razor-sharp teeth.
You have supernaturally acute eyesight. (SInv)
You can survive without breathing.
You passively map a small area around you.
Your movements are slightly less encumbered by armour. (ER -2)


Message History

You closely miss the dream sheep. Your bite misses the dream sheep.
The dream sheep is heavily wounded.
The dream sheep bites you.
You hit the dream sheep.
The dream sheep looks as sick as possible!
The dream sheep is severely wounded.
The dream sheep bites you.
You hit the dream sheep.
You kill the dream sheep!
Kikubaaqudgha accepts your kill.
You barely miss the dream sheep. The dream sheep completely misses you.
You hit the dream sheep.
The dream sheep is lightly wounded.
The dream sheep bites you.
You hit the dream sheep.
The dream sheep is poisoned.
The dream sheep is moderately wounded.
You hit the dream sheep.
The dream sheep looks as sick as possible!
The dream sheep is heavily wounded.
The dream sheep bites you but does no damage.
You hit the dream sheep.
The dream sheep is almost dead.
You kill the dream sheep!
Kikubaaqudgha accepts your kill.
Your Necromancy skill increases to level 14!
You closely miss the dream sheep. You bite the dream sheep.
You draw the dream sheep's blood!
You feel better.
You feel slightly less thirsty.
The dream sheep is lightly wounded.
The dream sheep closely misses you.
You hit the dream sheep but do no damage.
The dream sheep is poisoned.
The dream sheep is lightly wounded.
The dream sheep closely misses you.
You hit the dream sheep but do no damage.
The dream sheep looks as sick as possible!
The dream sheep is lightly wounded.
A rime drake comes into view.
The rime drake hisses angrily.
You hit the dream sheep but do no damage.
The dream sheep is lightly wounded.
The dream sheep bites you but does no damage.
The rime drake breathes ice at you. The flash freeze hits you!
You partially resist.
You are encased in ice.
You barely miss the dream sheep.
The dream sheep is lightly wounded.
The dream sheep bites you but does no damage.
You hit the dream sheep but do no damage.
The dream sheep is lightly wounded.
The dream sheep bites you. The ice encasing you melts away.
The rime drake breathes ice at you. The flash freeze hits you!
You partially resist.
You are encased in ice.
You kill the dream sheep!
Kikubaaqudgha accepts your kill.
The rime drake bites you but does no damage.
The dream sheep bites the plant!
The rime drake misses you. The ice encasing you melts away.
The rime drake breathes ice at you. The flash freeze hits you!
You partially resist.
* * * LOW HITPOINT WARNING * * *
You are encased in ice.
The rime drake closely misses you.
There is a stone staircase leading up here.
The rime drake bites you but does no damage.
The porcupine twitches its whiskers.
You climb upwards.
The ice encasing you melts away.
There is a stone staircase leading down here.
Casting: Vampiric Draining (safe; 1% risk of failure)
Confirm with . or Enter, or press ? or * to list all spells.
Aiming: Vampiric Draining (safe; 1% risk of failure)
Press: ? - help, Shift-Dir - straight line, f - rime drake
Aim: a rime drake You feel a surge of power!
The rime drake is moderately wounded.
You feel life coursing into your body. The rime drake misses you.
The dream sheep bites you but does no damage.
The rime drake closely misses you.
Casting: Vampiric Draining (safe; 1% risk of failure)
Confirm with . or Enter, or press ? or * to list all spells.
You don't have enough magic to cast that spell.
Casting: Vampiric Draining (safe; 1% risk of failure)
Confirm with . or Enter, or press ? or * to list all spells.
You don't have enough magic to cast that spell.
Casting: Vampiric Draining (safe; 1% risk of failure)
Confirm with . or Enter, or press ? or * to list all spells.
You don't have enough magic to cast that spell.
You hit the rime drake.
The rime drake is poisoned.
Your bite misses the rime drake.
The rime drake is moderately wounded.
The dream sheep barely misses you. The rime drake misses you.
Unknown command.
Unknown command.
The rime drake breathes ice at you. The flash freeze hits you!
You partially resist.
You die...
Kikubaaqudgha rasps: "You have failed me!
Welcome... oblivion!"

##...# #.%##.............###..
#.### ##.###..##..#.<........
#..# ##..##..###.#......#..#.
##.## #........###........##..
#P.# ###.##..## #....P#.####.
##.# #.##..# ###...#.####. #.#
##.##..## #........... ##.#
#..###..####...#....#.. ...#
#P...k@#.#........###P. .#.###
###P#.Y.......#.#.####. #....#
###....##....#...##.. #...##
#P...............#.#. ##..#
#..#................. #.##
########.#.#P.P.....#...#..
#.####P.#.##...###...#.##..÷#...
#..............##....#..###.....
#####.##.#########...r.## #÷#...


You could see a rime drake and a dream sheep.

Vanquished Creatures
  A minotaur (Lab)
  Harold (D:8)
  A hydra (Lair:3)
  A two-headed ogre (D:9)
  Pikel (D:7)
  7 elephants (Lair:3)
  Maurice (D:10)
  8 spiny frogs
  2 komodo dragons (Lair:1)
  A troll (D:8)
  A hornet (D:8)
  2 hippogriffs (D:7)
  Grinder (D:4)
  7 blink frogs
  4 dream sheep (Lair:4)
  A spriggan (D:8)
  3 wyverns
  Sigmund (D:6)
  A wraith (D:10)
  Grum (D:8)
  10 yaks
  A steam dragon (D:8)
  Edmund (D:6)
  6 water moccasins
  3 porcupines
  A phantom (D:7)
  4 sky beasts
  A slave (D:7)
  3 orc warriors
  2 necrophages (D:8)
  An ice beast (D:9)
  12 wolves
  8 ogres
  6 centaurs
  5 crocodiles
  13 bullfrogs
  A wyvern zombie (D:9)
  9 scorpions
  10 killer bees
  2 electric eels (D:8)
  3 howler monkeys
  A quasit (D:5)
  5 jellies
  2 bullfrog zombies (D:6)
  9 orc priests
  11 hounds
  6 orc wizards
  A bullfrog skeleton (D:7)
  8 worker ants
  3 iguanas
  18 adders
  8 gnolls
  2 worker ant zombies
  A shadow imp (D:6)
  5 adder zombies
  3 adder skeletons
  3 worms
  6 dart slugs
  3 leopard geckos
  30 orcs
  5 giant cockroaches
  8 goblins
  5 hobgoblins
  20 jackals
  6 quokkas
  4 ball pythons
  11 bats
  7 frilled lizards
  12 kobolds
  A quokka skeleton (D:5)
  16 rats
  A plant (Sewer)
369 creatures vanquished.

Vanquished Creatures (others)
  An orc wizard (D:7)
  2 orcs (D:7)
  12 fungi
  5 plants
20 creatures vanquished.

Grand Total: 389 creatures vanquished

Notes
Turn   | Place    | Note
-------+----------+-------------------------------------------
     0 | D:1      | Mgcat the Vampire Necromancer began the quest for the Orb.
     0 | D:1      | Reached XP level 1. HP: 13/13 MP: 3/3
   438 | D:1      | Reached XP level 2. HP: 9/19 MP: 0/5
  1806 | D:2      | Reached skill level 4 in Stealth
  1806 | D:2      | Reached XP level 3. HP: 15/24 MP: 0/6
  2190 | D:2      | Reached skill level 5 in Necromancy
  2476 | D:2      | Reached XP level 4. HP: 14/30 MP: 3/8
  2905 | D:2      | Reached skill level 3 in Spellcasting
  2973 | D:2      | Learned a level 3 spell: Vampiric Draining
  2977 | D:2      | Learned a level 3 spell: Regeneration
  3687 | D:3      | Found a glowing drain.
  3692 | D:3      | Reached skill level 5 in Stealth
  3700 | Sewer    | Entered a sewer
  3866 | Sewer    | Reached XP level 5. HP: 20/35 MP: 1/9
  5912 | D:4      | Reached skill level 6 in Stealth
  6058 | D:4      | Noticed Grinder
  6063 | D:4      | Reached XP level 6. HP: 39/41 MP: 7/11
  6100 | D:4      | Paralysed by Grinder for 4 turns
  6108 | D:4      | Gained mutation: You passively map a small area around you.
                  | [potion of mutation]
  6108 | D:4      | Gained mutation: Your movements are slightly less
                  | encumbered by armour. (ER -2) [potion of mutation]
  6110 | D:4      | Killed Grinder
  6110 | D:4      | Reached skill level 1 in Short Blades
  6110 | D:4      | Reached skill level 4 in Spellcasting
  6110 | D:4      | Reached skill level 6 in Necromancy
  6187 | D:4      | Reached skill level 2 in Short Blades
  6568 | D:4      | Reached XP level 7. HP: 46/46 MP: 13/13
  6693 | D:4      | Reached skill level 7 in Stealth
  7175 | D:5      | Entered Level 5 of the Dungeon
  7307 | D:5      | Reached skill level 3 in Short Blades
  7391 | D:5      | Found the +7 Singing Sword {slice, sonic wave}
  7469 | D:5      | Reached skill level 8 in Stealth
  7500 | D:5      | Found an opulent altar of Gozag.
  7735 | D:5      | Reached skill level 7 in Necromancy
  7735 | D:5      | Reached XP level 8. HP: 52/52 MP: 15/15
  7784 | D:5      | Found Xyacsy's Food Emporium.
  7838 | D:5      | Reached skill level 5 in Spellcasting
  7864 | D:5      | Reached skill level 4 in Short Blades
  8327 | D:6      | Reached skill level 9 in Stealth
  8541 | D:6      | Got a fine robe
  8544 | D:6      | Identified the +0 robe of the Realm of Zot {rCorr} (You
                  | found it on level 6 of the Dungeon)
  8551 | D:6      | Identified a scroll of acquirement
  8616 | D:6      | HP: 13/52 [bullfrog zombie (1)]
  8624 | D:6      | HP: 11/52 [bullfrog zombie (2)]
  8627 | D:6      | HP: 5/52 [bullfrog zombie (7)]
  9156 | D:6      | Reached skill level 5 in Short Blades
  9224 | D:6      | Found a staircase to the Ecumenical Temple.
  9252 | Temple   | Entered the Ecumenical Temple
  9268 | Temple   | Became a worshipper of Kikubaaqudgha
  9274 | Temple   | Learned a level 4 spell: Animate Dead
  9706 | D:6      | Noticed Edmund
  9712 | D:6      | Killed Edmund
  9712 | D:6      | Reached skill level 3 in Dodging
  9712 | D:6      | Reached skill level 8 in Necromancy
  9712 | D:6      | Reached XP level 9. HP: 57/57 MP: 17/17
  9736 | D:6      | Noticed Sigmund
  9738 | D:6      | Killed Sigmund
  9738 | D:6      | Reached skill level 10 in Stealth
  9738 | D:6      | Reached skill level 6 in Spellcasting
 10163 | D:7      | Reached skill level 4 in Dodging
 10345 | D:7      | HP: 14/57 [hound (1)]
 10347 | D:7      | Noticed Pikel
 10873 | D:7      | Killed Pikel
 11042 | D:7      | Reached skill level 5 in Dodging
 11042 | D:7      | Reached skill level 9 in Necromancy
 11161 | D:7      | Reached skill level 7 in Spellcasting
 11303 | D:7      | Reached * piety under Kikubaaqudgha
 11303 | D:7      | Identified Kikubaaqudgha's Almanac of Dark Secrets
                  | (Kikubaaqudgha gifted it to you on level 7 of the Dungeon)
 11303 | D:7      | Received a gift from Kikubaaqudgha
 12081 | D:8      | Reached XP level 10. HP: 44/63 MP: 21/21
 12256 | D:8      | Reached skill level 10 in Necromancy
 12445 | D:8      | Reached skill level 8 in Spellcasting
 12719 | D:8      | Reached ** piety under Kikubaaqudgha
 13037 | D:8      | HP: 8/63 [electric eel/bolt of electricity (9)]
 13879 | D:8      | Got a polished rapier
 13896 | D:8      | Identified the cursed +0 rapier of the Iron City of Dis
                  | {freeze, Int+4} (You found it on level 8 of the Dungeon)
 13927 | D:8      | Reached skill level 11 in Necromancy
 14030 | D:8      | Found a staircase to the Lair.
 14188 | D:8      | Reached skill level 9 in Spellcasting
 14209 | D:8      | Noticed Harold
 14219 | D:8      | Killed Harold
 14556 | D:8      | Reached *** piety under Kikubaaqudgha
 14556 | D:8      | Identified Kikubaaqudgha's Grimoire of Evil Secrets
                  | (Kikubaaqudgha gifted it to you on level 8 of the Dungeon)
 14556 | D:8      | Received a gift from Kikubaaqudgha
 14566 | D:8      | Learned a level 5 spell: Agony
 14572 | D:8      | Learned a level 5 spell: Dispel Undead
 15003 | D:9      | Found a blossoming altar of Fedhas.
 15040 | D:9      | Reached XP level 11. HP: 45/69 MP: 24/24
 15048 | D:9      | Found Mujodig's Weapon Shop.
 15167 | D:9      | Found a burning altar of Makhleb.
 15455 | D:9      | Learned a level 6 spell: Simulacrum
 15618 | D:9      | Noticed a two-headed ogre
 15729 | D:9      | Killed a two-headed ogre
 15729 | D:9      | Reached skill level 1 in Fighting
 15729 | D:9      | Reached skill level 1 in Ice Magic
 16702 | D:10     | Entered Level 10 of the Dungeon
 17045 | D:10     | Noticed Maurice
 17053 | D:10     | Reached skill level 12 in Necromancy
 17093 | D:10     | Killed Maurice
 17093 | D:10     | Reached skill level 2 in Fighting
 17217 | D:10     | Found a transporter.
 17247 | D:10     | Noticed galech's ghost (novice DsFi)
 17336 | D:10     | Reached skill level 2 in Ice Magic
 17359 | D:10     | Found a transporter.
 17853 | D:8      | Noticed Grum
 17860 | D:8      | Killed Grum
 17874 | D:8      | Reached skill level 10 in Spellcasting
 18024 | Lair:1   | Entered Level 1 of the Lair of Beasts
 18399 | Lair:1   | Found a shadowy altar of Dithmenos.
 18491 | Lair:1   | Reached skill level 3 in Fighting
 18491 | Lair:1   | Reached skill level 3 in Ice Magic
 19403 | Lair:1   | Found a runed gate.
 19407 | Lair:1   | Found a runed gate.
 19410 | Lair:1   | Found a runed gate.
 19412 | Lair:1   | Noticed Garbasso's ghost (novice TrAM)
 19797 | Lair:2   | Found a staircase to the Swamp.
 19825 | Lair:2   | Found a runed door.
 19831 | Lair:2   | Noticed beholder's ghost (journeyman TeAE)
 19906 | Lair:2   | Reached skill level 4 in Ice Magic
 20177 | Lair:2   | Reached skill level 4 in Fighting
 20778 | Lair:3   | Found a labyrinth entrance.
 20778 | Lair:3   | Noticed a seven-headed hydra
 20781 | Lair:3   | Killed a seven-headed hydra
 20798 | Lab      | Entered a labyrinth
 21398 | Lab      | Noticed a minotaur
 21409 | Lab      | Killed a minotaur
 21409 | Lab      | Reached XP level 12. HP: 65/84 MP: 21/26
 21431 | Lair:3   | Reached skill level 5 in Ice Magic
 21637 | Lair:3   | Reached skill level 13 in Necromancy
 21734 | Lair:3   | Reached skill level 5 in Fighting
 22226 | Lair:3   | Reached skill level 11 in Spellcasting
 22834 | Lair:3   | Reached **** piety under Kikubaaqudgha
 24187 | Lair:4   | Reached skill level 14 in Necromancy
 24199 | Lair:4   | HP: 17/86 [rime drake/flash freeze (13)]
 24206 | Lair:3   | Killed from afar by a rime drake

Vault maps used:
D:1:      minmay_arrival_floating_metal
D:2:      grunt_ministairs_8
D:3:      gup_sewer_entry_bubbles, chequers_serial_rivers_room_b
D:4:      first_ration, uniq_grinder
D:5:      old_forge, serial_shops, shop, minmay_ruined_shrine
D:6:      minmay_temple_entry_glass, sigmund_edmund_badplayer
D:7:      uniq_pikel
D:8:      erik_lair_island, the_bakery, uniq_harold, uniq_grum
D:9:      fedhas_bush_and_centaur_altar, serial_shops, kennysheep_mini_moat,
          basic_altar, chequers_hall_statues_y
D:10:     serial_column_ruins, column_ruins_circle_medium,
          column_ruins_square_large, column_ruins_columns_dead_end,
          column_ruins_open_tiny, column_ruins_grid_3,
          gammafunk_ghost_stat_death, kennysheep_big_empty_room,
          hangedman_decor_points, kennysheep_nub, minmay_misc_feat_rows,
          uniq_maurice
Temple:   roderic_octagonal_lattice_temple
Lair:1:   basic_altar, gammafunk_ghost_necromancy
Lair:2:   minmay_swamp_entry_swarm, ebering_ghost_inner_flame,
          minmay_hedge_maze, grunt_megastairs_5
Lair:3:   lab_entry_generic, lemuel_fruit_fields
Lair:4:   minmay_lair_venomous_thicket, spider_nest_entry_rubble
Sewer:    sewer_co_scattered_pipes

Skill      XL: |  1  2  3  4  5  6  7  8  9 10 11 12 |
---------------+-------------------------------------+-----
Stealth        | 4 5 6 8 9 10 | 10.0
Necromancy     | 5 6 7 8 9 11 12 14 | 14.0
Spellcasting   | 3 4 5 7 9 10 11 | 11.7
Short Blades   | 2 3 5 |  5.0
Dodging        | 3 5 |  5.0
Fighting       | 4 5 |  5.0
Ice Magic      | 4 5 |  5.0
Charms         | |  0.9

Action                   |  1- 3 |  4- 6 |  7- 9 | 10-12 || total
-------------------------+-------+-------+-------+-------++-------
Melee: Dagger            |    19 |   301 |   245 |   335 ||   900
       Bite              |     4 |    43 |    28 |    36 ||   111
       Unarmed           |       |     6 |       |       ||     6
 Cast: Pain              |    77 |    60 |    15 |   135 ||   287
       Regeneration      |       |     3 |     2 |       ||     5
       Vampiric Draining |       |    18 |    39 |   213 ||   270
       Animate Dead      |       |       |     1 |       ||     1
       Agony             |       |       |       |    73 ||    73
       Dispel Undead     |       |       |       |     6 ||     6
 Abil: End Transformatio |       |     1 |     1 |     1 ||     3
       Bat Form          |       |     1 |     1 |     1 ||     3
Evoke: Wand              |       |       |       |     3 ||     3
  Use: Potion            |     1 |    11 |     4 |     9 ||    25
       Scroll            |       |     2 |    12 |     5 ||    19
 Stab: Sleeping          |     2 |    27 |    43 |    20 ||    92
       Held in net/web   |       |       |     1 |       ||     1
       Distracted        |       |       |     2 |       ||     2
Armor: Robe              |    10 |     7 |    51 |   152 ||   220
Dodge: Dodged            |    23 |    39 |   149 |   406 ||   617

Table legend:
 A = Non-vault XP
 B = Vault XP
 C = Vault XP percentage of total XP
 D = Non-vault monster count
 E = Vault monster count
 F = Vault count percentage of total count
                 A         B        C        D         E       F
            +---------+---------+-------+---------+---------+-------
      Total |   27138 |    5107 |  15.8 |     301 |      66 |  18.0
            +---------+---------+-------+---------+---------+-------
        D:1 |      33 |       0 |   0.0 |      20 |       0 |   0.0
        D:2 |      90 |      20 |  18.2 |      22 |       4 |  15.4
        D:3 |      50 |      16 |  24.2 |      23 |       7 |  23.3
        D:4 |     222 |     262 |  54.1 |       9 |       1 |  10.0
        D:5 |     680 |     443 |  39.4 |      25 |      14 |  35.9
        D:6 |     854 |     358 |  29.5 |      25 |       2 |   7.4
        D:7 |    1725 |     617 |  26.3 |      26 |       1 |   3.7
        D:8 |    3105 |    2615 |  45.7 |      48 |      15 |  23.8
        D:9 |    1739 |     115 |   6.2 |      21 |       1 |   4.5
       D:10 |    1437 |     439 |  23.4 |      19 |       1 |   5.0
     Lair:1 |    3281 |       0 |   0.0 |      13 |       0 |   0.0
     Lair:2 |    2136 |     151 |   6.6 |      10 |       1 |   9.1
     Lair:3 |    8365 |       0 |   0.0 |      30 |       0 |   0.0
     Lair:4 |    2167 |       0 |   0.0 |       9 |       0 |   0.0
        Lab |    1254 |       0 |   0.0 |       1 |       0 |   0.0
      Sewer |       0 |      71 | 100.0 |       0 |      19 | 100.0
            +---------+---------+-------+---------+---------+-------

Vault maps used:
D:1:      minmay_arrival_floating_metal
D:2:      grunt_ministairs_8
D:3:      gup_sewer_entry_bubbles, chequers_serial_rivers_room_b
D:4:      first_ration, uniq_grinder
D:5:      old_forge, serial_shops, shop, minmay_ruined_shrine
D:6:      minmay_temple_entry_glass, sigmund_edmund_badplayer
D:7:      uniq_pikel
D:8:      erik_lair_island, the_bakery, uniq_harold, uniq_grum
D:9:      fedhas_bush_and_centaur_altar, serial_shops, kennysheep_mini_moat,
          basic_altar, chequers_hall_statues_y
D:10:     serial_column_ruins, column_ruins_circle_medium,
          column_ruins_square_large, column_ruins_columns_dead_end,
          column_ruins_open_tiny, column_ruins_grid_3,
          gammafunk_ghost_stat_death, kennysheep_big_empty_room,
          hangedman_decor_points, kennysheep_nub, minmay_misc_feat_rows,
          uniq_maurice
Temple:   roderic_octagonal_lattice_temple
Lair:1:   basic_altar, gammafunk_ghost_necromancy
Lair:2:   minmay_swamp_entry_swarm, ebering_ghost_inner_flame,
          minmay_hedge_maze, grunt_megastairs_5
Lair:3:   lab_entry_generic, lemuel_fruit_fields
Lair:4:   minmay_lair_venomous_thicket, spider_nest_entry_rubble
Sewer:    sewer_co_scattered_pipes

Table legend:
 A = Turns spent in this place as a percentage of turns spent in the entire game.
 B = Non-inter-level travel turns spent in this place as a percentage of non-inter-level travel turns spent in the entire game.
 C = Inter-level travel turns spent in this place as a percentage of turns spent in this place.
 D = Turns resting spent in this place as a percentage of non-inter-level travel turns spent in this place.
 E = Turns spent auto-exploring this place as a percentage of non-inter-level travel turns spent in this place.
 F = Non-inter-level travel turns spent in this place divided by the number of levels of this place that you've seen.
                   A       B       C       D       E      F
               +-------+-------+-------+-------+-------+----------------------
         Total | 100.0 | 100.0 |   3.1 |  24.4 |  56.9 | 1379.2
       Dungeon |  71.6 |  71.0 |   3.9 |  25.0 |  59.7 | 1664.9
        Temple |   0.3 |   0.3 |  15.9 |   0.0 |  84.1 |  69.0
          Lair |  20.7 |  21.1 |   1.4 |  29.3 |  53.9 | 1235.0
     Labyrinth |   2.6 |   2.7 |   0.0 |  17.2 |   0.0 | 627.0
         Sewer |   4.8 |   5.0 |   0.0 |   0.0 |  58.6 | 1161.0
               +-------+-------+-------+-------+-------+----------------------

Table legend:
 A = Kills in this place as a percentage of kills in entire the game.
 B = Kills by you in this place as a percentage of kills by you in the entire game.
 C = Kills by friends in this place as a percentage of kills by friends in the entire game.
 D = Other kills in this place as a percentage of other kills in the entire game.
 E = Experience gained in this place as a percentage of experience gained in the entire game.
 F = Experience gained in this place divided by the number of levels of this place that you have seen.
                   A       B       C       D       E      F
               +-------+-------+-------+-------+-------+----------------------
         Total | 100.0 | 100.0 |   N/A |   N/A | 100.0 | 1896.8
       Dungeon |  77.4 |  77.4 |   N/A |   N/A |  46.0 | 1482.0
          Lair |  17.2 |  17.2 |   N/A |   N/A |  49.9 | 4025.0
     Labyrinth |   0.3 |   0.3 |   N/A |   N/A |   3.9 | 1254.0
         Sewer |   5.2 |   5.2 |   N/A |   N/A |   0.2 |  71.0
               +-------+-------+-------+-------+-------+----------------------
